 Dungeon Crawl Stone Soup version 0.30-a0-1085-g990a428a5c (webtiles) character file.

Game seed: 10471795178857266524

2649 voltaire321 the Carver (level 9, -2/69 HPs)
             Began as a Merfolk Gladiator on Apr 16, 2023.
             Slain by a hornet (10 damage)
             ... on level 8 of the Dungeon.
             The game lasted 00:21:21 (7525 turns).

voltaire321 the Carver (Merfolk Gladiator)          Turns: 7525, Time: 00:21:21

Health: -2/69      AC:  8    Str: 14    XL:     9   Next: 62%
Magic:  15/15      EV: 15    Int: 12    God:
Gold:   450        SH:  0    Dex: 15    Spells: 9/16 levels left

rFire   + . .      SeeInvis .    g - +4 demon blade (venom)
rCold   + . .      Faith    .    (no shield)
rNeg    . . .      Spirit   .    b - +0 leather armour
rPois   +          Reflect  .    (helmet restricted)
rElec   +          Rampage  .    C - +0 cloak
rCorr   +                        i - +2 pair of gloves
Will    .....                    h - +0 pair of boots
Stlth   +                        (no amulet)
HPRegen 0.31/turn                (no ring)
MPRegen 0.14/turn                (no ring)

@: brilliant, lethally poisoned (-2 -> -5), resistant
A: (nimble swimmer 2), mertail, horns 1
a: no special abilities


You were on level 8 of the Dungeon.
You visited 2 branches of the dungeon, and saw 9 of its levels.

You collected 450 gold pieces.

Inventory:

Hand Weapons
 g - a +4 demon blade of venom (weapon)
Missiles
 d - 3 throwing nets
 A - 10 poisoned darts (quivered)
 F - a javelin
Armour
 b - a +0 leather armour (worn)
 c - a +0 helmet
 h - a +0 pair of boots (worn)
 i - a +2 pair of gloves (worn)
 C - a +0 cloak (worn)
Jewellery
 z - a ring of fire
Wands
 j - a wand of polymorph (4)
 t - a wand of quicksilver (3)
 w - a wand of flame (16)
 B - a wand of iceblast (13)
Scrolls
 m - a scroll of fog
 o - 2 scrolls of blinking
 p - 6 scrolls of teleportation
 q - 2 scrolls of poison
 s - 2 scrolls of magic mapping
 u - 3 scrolls of identify
 y - a scroll of fear {unknown}
 E - a scroll of noise {unknown}
Potions
 e - a potion of lignification {unknown}
 f - 2 potions of haste
 k - a potion of invisibility {unknown}
 n - a potion of attraction {unknown}
 v - a potion of might {unknown}
 G - a potion of ambrosia {unknown}


   Skills:
 + Level 5.7 Fighting
 * Level 9.2 Long Blades
 - Level 2.0 Throwing
 + Level 3.5 Armour
 + Level 7.6 Dodging
 + Level 4.1 Spellcasting
 + Level 4.0 Summonings


You had 9 spell levels left.
You knew the following spells:

 Your Spells              Type           Power      Damage    Failure   Level
a - Call Canine Familiar  Summ           18%        N/A       16%         3
b - Passage of Golubria   Tloc           3%         N/A       95%         4

Your spell library contained the following spells:

 Spells                   Type           Power      Damage    Failure   Level
 Summon Small Mammal      Summ           72%        N/A       5%          1
 Beastly Appendage        Tmut           6%         N/A       26%         1
 Magic Dart               Conj           12%        1d3       26%         1
 Necrotise                Necr           12%        1d4       26%         1
 Shock                    Conj/Air       12%        1d3       26%         1
 Summon Guardian Golem    Hex/Summ       10%        N/A       34%         3
 Dazzling Flash           Conj/Hex       6%         N/A       63%         3
 Tukima's Dance           Hex            3%         N/A       63%         3
 Volatile Blastmotes      Fire/Tloc      6%         2d10      63%         3
 Fulminant Prism          Conj/Hex       1%         3d5       95%         4
 Iskenderun's Mystic Bla  Conj/Tloc      3%         2d3       95%         4
 Agony                    Necr           3%         N/A       100%        5
 Lee's Rapid Deconstruct  Erth           1%         3d4*      100%        5
 Silence                  Hex/Air        1%         N/A       100%        5
 Yara's Violent Unravell  Hex/Tmut       1%         3d3       100%        5


Dungeon Overview and Level Annotations

Branches:
Dungeon (8/15)             Temple (1/1) D:6            Lair (0/5) D:8

Altars:
Ashenzari
Cheibriados
Hepliaklqana
Kikubaaqudgha
Makhleb
Nemelex Xobeh
Okawaru
Qazlal
Sif Muna
Trog
Uskayaw
Vehumet
Xom
Yredelemnul
Zin

Annotations:
D:5 1 runed translucent door, Tollund's ghost, novice OpTm


Innate Abilities, Weirdness & Mutations

((You are very nimble when in or above water. (Stealth+, EV+, Speed+++)))
Your lower body shifts to a powerful aquatic tail in water.
You have a pair of small horns on your head.


Message History

You closely miss the hornet.
The hornet stings you but does no damage.
You barely miss the hornet. The hornet misses you. The hornet stings you!
You are poisoned.
You feel yourself slow down.
You hit the hornet but do no damage.
You feel very sick. The hornet barely misses you.
You miss the hornet.
You feel sick. The hornet completely misses you. The hornet misses you.
You closely miss the hornet.
You feel sick. The hornet stings you!
You are more poisoned.
You feel as though you will be slow longer.
The hornet stings you but does no damage.
As you read the scroll of teleportation, it crumbles to dust.
You feel strangely unstable.
You feel very sick. The hornet barely misses you. The hornet stings you!
You feel as though you will be slow longer.
The hornet stings you!
* * * LOW HITPOINT WARNING * * *
You feel as though you will be slow longer.
It was a potion of cancellation.
You feel strangely stable.
Your magical effects are unravelling.
You feel magically purged.
You feel yourself speed up.
You feel very sick.
The hornet stings you but does no damage. x2
It was a potion of resistance.
You feel protected.
You feel sick. The hornet barely misses you.
It was a potion of mutation.
You feel extremely strange. A pair of horns grows on your head!
Your +0 helmet falls away!
You feel sick. The hornet completely misses you.
The hornet stings you but does no damage.
It was a potion of brilliance.
You feel clever all of a sudden.
You feel sick. The hornet stings you!
You die...

#.#.)#### .. ##..#.# .
..> ##...# .. ###
###.#### ... #.##.##
.... #)#...## .....
#)).#..#
.....c##########..##..#
....5oy@.........####g##
.....o############ #.g..
....# ##.#. ... #### . #


You could see a hornet, a centaur, a white imp and 2 orcs.

Vanquished Creatures
  Joseph (D:7)
  2 ice beasts
  4 orc warriors
  A sky beast (D:7)
  2 ogres
  2 centaurs
  2 bullfrogs
  2 scorpions
  3 wights (D:7)
  A jelly (D:6)
  A hound (D:5)
  2 gnoll boudas
  4 orc priests
  Jessica (D:3)
  4 iguanas
  Natasha (thrice) (D:3)
  A sleepcap (D:5)
  7 orc wizards
  9 adders
  9 gnolls
  2 white imps
  3 ufetubi
  A dart slug (D:4)
  30 orcs
  7 ball pythons
  7 endoplasms
  A giant cockroach (D:1)
  2 goblins (D:1)
  7 hobgoblins
  4 kobolds
  5 quokkas
  6 bats
  7 frilled lizards
  3 rats
146 creatures vanquished.

Vanquished Creatures (others)
  10 plants (D:8)
10 creatures vanquished.

Grand Total: 156 creatures vanquished

Notes
Turn   | Place    | Note
-------+----------+-------------------------------------------
     0 | D:1      | voltaire321 the Merfolk Gladiator began the quest for the
                  | Orb.
     0 | D:1      | Reached XP level 1. HP: 16/16 MP: 1/1
   184 | D:1      | Reached XP level 2. HP: 17/23 MP: 2/2
   226 | D:1      | Reached skill level 4 in Long Blades
   473 | D:1      | Reached XP level 3. HP: 28/28 MP: 3/3
   865 | D:2      | Got First Steps in Magic
  1085 | D:2      | Reached XP level 4. HP: 33/34 MP: 4/4
  1296 | D:2      | Reached skill level 1 in Armour
  1680 | D:3      | Noticed Natasha
  1690 | D:3      | Killed Natasha
  1691 | D:3      | Reached skill level 5 in Long Blades
  1727 | D:3      | Reached XP level 5. HP: 34/41 MP: 5/5
  1829 | D:3      | Noticed Natasha
  1844 | D:3      | Killed Natasha
  1845 | D:3      | Reached skill level 1 in Spellcasting
  1906 | D:3      | Found a faded altar of an unknown god.
  1927 | D:3      | Noticed Jessica
  1932 | D:3      | Killed Jessica
  1933 | D:3      | Reached skill level 5 in Dodging
  1933 | D:3      | Noticed Natasha
  1999 | D:3      | Killed Natasha
  2000 | D:3      | Reached XP level 6. HP: 33/47 MP: 7/7
  2059 | D:3      | Learned a level 3 spell: Call Canine Familiar
  2064 | D:3      | Learned a level 4 spell: Passage of Golubria
  2111 | D:3      | Found a shimmering blue altar of Sif Muna.
  2149 | D:3      | Got Sif Muna's Quarto of Inhalation
  2835 | D:4      | Reached skill level 6 in Long Blades
  2928 | D:4      | Reached skill level 1 in Summonings
  2934 | D:4      | Reached XP level 7. HP: 22/53 MP: 9/9
  3125 | D:5      | Entered Level 5 of the Dungeon
  3223 | D:5      | Found a runed translucent door.
  3223 | D:5      | Noticed Tollund's ghost (novice OpTm)
  4056 | D:5      | Found a burning altar of Makhleb.
  4560 | D:6      | Found a hazy altar of Hepliaklqana.
  4608 | D:6      | Reached XP level 8. HP: 60/60 MP: 11/11
  4642 | D:6      | Found a staircase to the Ecumenical Temple.
  4655 | D:6      | Reached skill level 7 in Long Blades
  5540 | D:7      | Reached skill level 5 in Fighting
  5540 | D:7      | Reached skill level 8 in Long Blades
  5619 | D:7      | Identified a scroll of acquirement
  5619 | D:7      | Acquired a +2 demon blade of venom
  5801 | D:7      | Noticed Joseph
  6235 | D:7      | Killed Joseph
  6236 | D:7      | Reached XP level 9. HP: 20/68 MP: 14/14
  6654 | Temple   | Entered the Ecumenical Temple
  6921 | D:8      | Found a staircase to the Lair.
  7173 | D:8      | Reached skill level 9 in Long Blades
  7504 | D:8      | Noticed a hornet
  7524 | D:8      | Gained mutation: You have a pair of small horns on your
                  | head. [potion of mutation]
  7525 | D:8      | Slain by a hornet

Illustrated notes

Levels and vault maps discovered:
D:1:      heliophobic_arrival_ceremonial_halls, layout_basic
D:2:      layout_basic
D:3:      layout_rooms, led_sif_book, ebering_ecumenical_altar_ruins,
          wad_orctagon, uniq_jessica, uniq_natasha
D:4:      layout_cave_pools
D:5:      nicolae_cairo_tiling_large, layout_loops_ring, lightli_temple_of_fire,
          hellmonk_ghost_happy_afterlife
D:6:      layout_rooms, worldfamousw_hep_ancestral_shrine,
          minmay_temple_entry_wispy, nicolae_figureground_pulse
D:7:      layout_loops_ring, lemuel_flame_loot_1, uniq_joseph
D:8:      kennysheep_seaside_town, layout_rooms,
          nicolae_ru_great_annihilating_truth,
          gammafunk_temple_overflow_elements, gammafunk_temple_overflow_wave,
          dpeg_oklobed_lair
Temple:   nicolae_temple_x_marks_the_god

Skill      XL: |  1  2  3  4  5  6  7  8  9 |
---------------+----------------------------+-----
Long Blades    | 4 5 6 8 9 |  9.2
Armour         | 1 2 3 |  3.5
Fighting       | 3 4 5 |  5.7
Spellcasting   | 1 2 3 4 |  4.1
Dodging        | 5 6 7 |  7.6
Summonings     | 1 2 3 4 |  4.0
Throwing       | |  2.0

Action                     |  1- 3 |  4- 6 |  7- 9 || total
---------------------------+-------+-------+-------++-------
  Melee: Long sword        |   104 |   173 |   224 ||   501
         Punch             |     1 |     3 |     5 ||     9
         Tailslap          |       |     2 |       ||     2
         Demon blade       |       |       |    97 ||    97
  Throw: Javelin           |       |     3 |     2 ||     5
         Dart              |       |       |    21 ||    21
         Throwing net      |       |       |     2 ||     2
  Evoke: Wand              |       |       |    10 ||    10
    Use: Potion            |       |     3 |     5 ||     8
         Scroll            |       |       |    14 ||    14
   Stab: Sleeping          |     1 |     1 |       ||     2
 Armour: Leather armour    |    61 |    72 |   117 ||   250
  Dodge: Dodged            |   104 |   157 |   205 ||   466

Table legend: (Time is in decaauts)
 A = Elapsed time spent in this place.
 B = Non-inter-level travel time spent in this place.
 C = Inter-level travel time spent in this place.
 D = Time resting spent in this place.
 E = Time spent auto-exploring this place.
 F = Levels seen in this place.
 G = Mean time per level.
                   A        B        C        D        E       F      G
               +--------+--------+--------+--------+--------+-----+--------+
         Total |   7577 |   7318 |    259 |   2184 |   3178 |   9 |  841.9 |
       Dungeon |   7520 |   7261 |    259 |   2184 |   3151 |   8 |  940.0 |
        Temple |     56 |     56 |      0 |      0 |     27 |   1 |   56.0 |
               +--------+--------+--------+--------+--------+-----+--------+

Top non-repeatable levels by time:
     D:6: 1366 daAuts
     D:7: 1325 daAuts
     D:5: 1033 daAuts
     D:2: 939 daAuts
     D:4: 844 daAuts
     D:3: 784 daAuts
     D:8: 617 daAuts
     D:1: 610 daAuts
  Temple: 56 daAuts
